 Dungeon Crawl Stone Soup version 0.26.1-10-gdfb7c7de75 (webtiles) character file.

Game seed: 14607005890537420535

79 goldendragon the Skirmisher (level 4, -1/41 HPs)
             Began as a Hill Orc Abyssal Knight on Apr 9, 2021.
             Was a Believer of Lugonu.
             Slain by a kobold
             ... wielding a +0 short sword
              (3 damage)
             ... on level 2 of the Dungeon.
             The game lasted 00:09:05 (1623 turns).

goldendragon the Skirmisher (HOAK)                  Turns: 1623, Time: 00:09:05

Health: -1/41      AC:  5    Str: 15    XL:     4   Next: 38%
Magic:  4/6        EV: 11    Int: 12    God:    Lugonu [**....]
Gold:   37         SH:  0    Dex: 10    Spells: 3/3 levels left

rFire    . . .     SeeInvis .   a - +1 hand axe
rCold    . . .     Faith    .   (no shield)
rNeg     . . .     Spirit   .   b - +0 leather armour
rPois    .         Reflect  .   (no helmet)
rElec    .         Harm     .   (no cloak)
rCorr    .         Rampage  .   h - +0 pair of gloves
Will     .....                  e - +0 pair of boots
Stlth    +.........             (no amulet)
HPRegen  0.13/turn              (no ring)
MPRegen  0.10/turn              (no ring)

@: no status effects
A: no striking features
a: Renounce Religion, Depart the Abyss, Bend Space


You were on level 2 of the Dungeon.
You worshipped Lugonu.
Lugonu was pleased with you.
You visited 1 branch of the dungeon, and saw 2 of its levels.
You visited the Abyss 1 time.

You collected 37 gold pieces.

Inventory:

Hand Weapons
 a - a +1 hand axe (weapon)
Armour
 b - a +0 leather armour (worn)
 e - a +0 pair of boots (worn)
 h - a +0 pair of gloves (worn)
Scrolls
 g - a scroll of amnesia {unknown}
 i - a scroll of identify {unknown}
 j - a scroll of fear {unknown}
 k - 2 scrolls of remove curse {unknown}
Potions
 c - a potion of haste {unknown}
 d - 2 potions of heal wounds {unknown}
 f - a potion of might {unknown}


   Skills:
 + Level 4.4 Fighting
 + Level 4.2 Axes
 + Level 2.6 Armour
 + Level 1.0 Dodging
 + Level 3.2 Invocations


You had 3 spell levels left.
You didn't know any spells.
Your spell library was empty.

Dungeon Overview and Level Annotations

Branches:
Dungeon (2/15)

Altars:
Elyvilon


Message History

The kobold barely misses you.
A goblin comes into view.
The goblin shouts!
The goblin wields a cursed -1 hunting sling.
The goblin shoots a stone.
The stone barely misses you.
You see here a stone.
The goblin shoots a stone.
The stone completely misses you.
The goblin shoots a stone.
The stone misses you.
A hobgoblin comes into view. It is wielding a +0 club.
The hobgoblin closely misses you. Space bends around you!
You blink.
The goblin barely misses you. Space bends around you!
You blink.
The kobold misses you. The goblin closely misses you.
You don't have enough health at the moment.
You don't have enough health at the moment.
You don't have enough health at the moment.
You don't have enough health at the moment.
The kobold closely misses you. The goblin hits you but does no damage.
The kobold hits you with a +0 short sword.
You die...

.... ######..# #....##..
+....##.## #....##..#
#...(##†<###.### #
#....##.........
#.#####.###..###....
.#..@Kg..# #...# .###
........g...# #...##.#
.#########.####...)#.###
.......w.............
#######.#####.#...###
#.# #.#...# #.# #.#...#
#.# #.#...# #.# #.#...#


You could see a hobgoblin, a goblin and a kobold.

Vanquished Creatures
  Jessica (D:2)
  An adder (D:2)
  2 ball pythons (D:1)
  2 giant cockroaches
  8 goblins
  4 hobgoblins
  6 jackals
  A quokka (D:2)
  3 bats
  A frilled lizard (D:2)
  6 kobolds
  6 rats
41 creatures vanquished.

Notes
Turn   | Place    | Note
-------+----------+-------------------------------------------
     0 | Abyss:1  | goldendragon the Hill Orc Abyssal Knight began the quest
                  | for the Orb.
     0 | Abyss:1  | Reached XP level 1. HP: 19/19 MP: 2/2
    26 | D:1      | Escaped the Abyss
   383 | D:1      | Reached * piety under Lugonu
   384 | D:1      | Reached XP level 2. HP: 24/27 MP: 4/4
  1018 | D:1      | Reached XP level 3. HP: 30/33 MP: 5/5
  1251 | D:2      | Noticed Jessica
  1260 | D:2      | Found a white marble altar of Elyvilon.
  1277 | D:2      | Killed Jessica
  1278 | D:2      | Reached skill level 1 in Dodging
  1278 | D:2      | Reached XP level 4. HP: 19/40 MP: 6/6
  1552 | D:2      | Reached ** piety under Lugonu
  1569 | D:2      | HP: 1/41 [poisoned by an adder]
  1623 | D:2      | Slain by a kobold

Illustrated notes

Levels and vault maps discovered:
D:1:      saegor_arrival_simple_e, layout_loops_corners,
          grunt_decor_mini_mirrors
D:2:      layout_basic, nicolae_ru_awakened_eye, kennysheep_flooded_box,
          elyvilon_altar_5, uniq_jessica

Skill      XL: |  1  2  3  4 |
---------------+-------------+-----
Axes           | 3 4 |  4.2
Invocations    | 3 |  3.2
Fighting       | 4 |  4.4
Dodging        | 1 |  1.0
Armour         | |  2.6

Action                   |  1- 3 |  4- 6 || total
-------------------------+-------+-------++-------
Melee: Hand axe          |   102 |    43 ||   145
Invok: Depart the Abyss  |     1 |       ||     1
       Bend Space        |       |     4 ||     4
Armor: Leather armour    |    40 |    18 ||    58
Dodge: Dodged            |    67 |    49 ||   116
